 Dungeon Crawl Stone Soup version 0.18-a0-1229-ge9a1a01 (webtiles) character file.

173 Chiseanne the Gusty (level 5, 0/41 HPs)
             Began as a Centaur Air Elementalist on Feb 4, 2016.
             Slain by a sky beast (6 damage)
             ... on level 4 of the Dungeon.
             The game lasted 00:07:57 (4625 turns).

Chiseanne the Gusty (Centaur Air Elementalist)      Turns: 4625, Time: 00:07:57

Health: 0/41       AC:  7    Str: 11    XL:     5   Next: 28%
Magic:  7/7        EV:  6    Int: 15    God:
Gold:   213        SH:  3    Dex:  9    Spells: 1 memorised, 6 levels left

rFire  . . .     SeeInvis .     e - +0 hand axe
rCold  . . .     Gourm    .     q - +1 scale mail {rPois}
rNeg   . . .     Faith    .     l - +0 buckler
rPois  +         Spirit   .     (no helmet)
rElec  .         Dismiss  .     (no cloak)
rCorr  .         Reflect  .     (no gloves)
SustAt .         Harm     .     (no barding)
MR     .....                    (no amulet)
Stlth  ..........               (no ring)
                                (no ring)

@: very quick, not resistant to hostile enchantments, extremely unstealthy
A: hooves 3, deformed body, speed 2, tough skin 3
a: no special abilities


You were on level 4 of the Dungeon.
You were not hungry.

You visited 1 branch of the dungeon, and saw 5 of its levels.

You collected 213 gold pieces.

Inventory:

Hand Weapons
 e - a +0 hand axe (weapon)
Missiles
 d - 9 tomahawks (quivered)
 f - 57 sling bullets
 h - 42 arrows
 n - 7 arrows of dispersal
Armour
 l - a +0 buckler (worn)
 q - a +1 scale mail of poison resistance (worn)
Scrolls
 r - a scroll of immolation
Potions
 g - a potion of agility {unknown}
 i - a potion of haste
 j - a potion of curing {unknown}
 m - a potion of invisibility {unknown}
 p - a potion of poison {unknown}
 u - a potion of ambrosia {unknown}
Books
 b - a book of Air

   Spells                             Type                      Level
   a - Shock                          Conjuration/Air              1
   b - Swiftness                      Charms/Air                   2
   c - Repel Missiles                 Charms/Air                   2
   d - Static Discharge               Conjuration/Air              3
   e - Lightning Bolt                 Conjuration/Air              5
 t - a book of Geomancy

   Spells                             Type                      Level
   a - Sandblast                      Earth                        1
   b - Stoneskin                      Transmutation/Earth          2
   c - Passwall                       Transmutation/Earth          3
   d - Stone Arrow                    Conjuration/Earth            3
   e - Petrify                        Transmutation/Earth          4
   f - Lee's Rapid Deconstruction     Earth                        5
Comestibles
 a - 2 slices of pizza
 c - a bread ration
 k - a chunk of flesh
 o - a fruit
 s - a meat ration


   Skills:
 - Level 2.2 Fighting
 - Level 2.2 Armour
 - Level 1.3 Dodging
 - Level 1.2 Stealth
 + Level 2.0 Shields
 - Level 1.5 Spellcasting
 - Level 0.8 Conjurations
 - Level 2.6 Air Magic


You had 6 spell levels left.
You knew the following spells:

 Your Spells              Type           Power        Failure   Level  Hunger
a - Shock                 Conj/Air       #...         75%         1    ##.....


Dungeon Overview and Level Annotations

Branches:
Dungeon (5/15)             Temple (0/1) D:4

Altars:
Dithmenos
Kikubaaqudgha
Qazlal
Ru
Xom


Innate Abilities, Weirdness & Mutations

You have hooves in place of feet.
Armour fits poorly on your strangely shaped body.
You cover ground very quickly.
You have extremely tough skin (AC +3).


Message History

The sky beast is moderately wounded.
The sky beast hits you but does no damage.
You closely miss the sky beast. You kick the sky beast.
The sky beast is moderately wounded.
The sky beast barely misses you.
The sky beast hits you but does no damage.
You closely miss the sky beast.
You kick the sky beast, but do no damage.
The sky beast is moderately wounded.
The sky beast hits you. The sky beast shocks you.
You barely miss the sky beast. Your kick misses the sky beast.
The sky beast is moderately wounded.
The sky beast flickers out of sight!
Deactivating autopickup; reactivate with Ctrl-A.
Something hits you. Something shocks you.
* * * LOW HITPOINT WARNING * * *
You miss something. Your kick misses something. Something hits you.
* * * LOW HITPOINT WARNING * * *
Something shocks you.
You die...

#...#.##.####..#.##.##.# # #
....... #..#.##.##.# #
#.##....# #.......##.# #
#.......# ####.#####.###
#.^^^...# ##.# #....
#.^_....# #..# #####
#.^^^...# #.## ####
#.......########.# #...
..........{@...##.#######...
...........≈.......#........
.<...>.........##.....###...
######...#########.#..# #...
#..)# #.#..# #### #.....
#.#..# ##...# #....######
#...# ####.##.... #...#
#.##.#..


There were no monsters in sight!

Vanquished Creatures
  An orc priest (D:3)
  A hound (D:5)
  Terence (D:3)
  An adder (D:2)
  4 worms
  4 giant geckos
  3 orcs
  A ball python (D:2)
  3 giant cockroaches
  11 goblins
  8 hobgoblins
  4 jackals (D:5)
  6 bats
  2 giant newts
  6 kobolds
  9 rats
65 creatures vanquished.

Notes
Turn   | Place    | Note
--------------------------------------------------------------
     0 | D:1      | Chiseanne the Centaur Air Elementalist began the quest for the Orb.
     0 | D:1      | Reached XP level 1. HP: 14/14 MP: 3/3
   301 | D:1      | Reached skill level 1 in Fighting
   451 | D:1      | Reached XP level 2. HP: 23/23 MP: 4/4
   741 | D:1      | Reached skill level 1 in Armour
  1043 | D:2      | Found a sacrificial altar of Ru.
  1075 | D:2      | Reached XP level 3. HP: 8/29 MP: 5/5
  2284 | D:2      | Found an ancient bone altar of Kikubaaqudgha.
  2475 | D:3      | Noticed Terence
  2504 | D:3      | Killed Terence
  2504 | D:3      | Reached XP level 4. HP: 22/36 MP: 2/6
  2786 | D:3      | Found a stormy altar of Qazlal.
  3612 | D:3      | Reached skill level 1 in Shields
  3835 | D:3      | Reached XP level 5. HP: 41/41 MP: 7/7
  4045 | D:4      | Found a shadowy altar of Dithmenos.
  4057 | D:4      | Noticed a sky beast
  4101 | D:5      | Entered Level 5 of the Dungeon
  4503 | D:4      | Found a staircase to the Ecumenical Temple.
  4543 | D:4      | Found a shimmering altar of Xom.
  4625 | D:4      | Slain by a sky beast

Vault maps used:
D:1:      dpeg_arrival_sounds_slurp, st_stairs_11
D:2:      wad_river_or_something, lemuel_doored_altar, nicolae_ru_awakened_eye
D:3:      nicolae_qazlal_general_emergency, uniq_terence
D:4:      nicolae_dithmenos_the_darkroom, kennysheep_mini_moat,
          minmay_temple_entry_fiery, first_bread, xom_teletrap_fun

Action                   |  1- 3 |  4- 6 || total
-------------------------+-------+-------++-------
Melee: Hand axe          |   157 |   135 ||   292
 Cast: Shock             |     4 |       ||     4
  Use: Scroll            |     8 |     1 ||     9
       Potion            |     1 |       ||     1
  Eat: Chunk             |     3 |     7 ||    10
